 Dungeon Crawl Stone Soup version 0.23-a0-550-g7de1f8e (webtiles) character file.

5337 RoseArtemis the Ruffian (level 10, -1/98 HPs)
             Began as a Troll Monk on Dec 8, 2018.
             Was a High Priest of Ru.
             Engulfed by a fire crab's flame (16 damage)
             ... in a Gauntlet on Dec 9, 2018.
             The game lasted 00:17:28 (9032 turns).

RoseArtemis the Ruffian (Troll Monk)                Turns: 9032, Time: 00:17:28

Health: -1/98      AC:  9    Str: 26    XL:     10   Next: 38%
Magic:  9/9        EV:  8    Int:  6    God:    Ru [*****.]
Gold:   915        SH: 16    Dex: 15    Spells: 9/9 levels left

rFire    . . .     SeeInvis .     - Unarmed
rCold    + . .     Gourm    +   c - +2 shield
rNeg     . . .     Faith    .   I - +0 troll leather armour
rPois    .         Spirit   .   (helmet restricted)
rElec    .         Reflect  +   s - +0 cloak
rCorr    .         Harm     .   (gloves unavailable)
MR       +....     NoTele   +   (boots unavailable)
Stlth    ++........             B - +3 amulet of reflection
HPRegen  1.06/turn              r - ring of protection from cold
MPRegen  0.11/turn              p - ring of protection from magic

@: mighty, studying Staves
A: large, unfitting armour, claws 3, fast metabolism 3, gourmand, regeneration
1, shaggy fur 1, tough skin 2, hated by all, inability to train dodging, no
conjurations magic, no ice magic, no transmutations magic, inexperienced 1
a: Draw Out Power, Power Leap, Apocalypse, Renounce Religion


You were in a Gauntlet.
You worshipped Ru.
Ru was extremely pleased with you.
You were not hungry.

You visited 2 branches of the dungeon, and saw 12 of its levels.
You also visited: Gauntlet.

You collected 915 gold pieces.

Inventory:

Hand Weapons
 b - a +3 flail of venom
Missiles
 k - a throwing net (quivered)
Armour
 c - a +2 shield (worn)
 s - a +0 cloak (worn)
 I - a +0 troll leather armour (worn)
Jewellery
 p - a ring of protection from magic (right claw)
 r - a ring of protection from cold (left claw)
 B - a +3 amulet of reflection (around neck)
Wands
 a - a wand of random effects (15)
 y - a wand of acid (17)
 C - a wand of flame (23)
 F - a wand of polymorph (5)
Scrolls
 f - 5 scrolls of remove curse
 g - 3 scrolls of teleportation
 h - 2 scrolls of fog
 n - a scroll of fear {unknown}
 o - a scroll of magic mapping
 q - 2 scrolls of amnesia
 v - 2 scrolls of identify
 D - a scroll of holy word {unknown}
Potions
 d - 2 potions of heal wounds
 e - 8 potions of curing
 i - a potion of cancellation {unknown}
 j - a potion of invisibility
 l - 3 potions of haste
 m - a potion of flight {unknown}
 w - a potion of lignification
 x - a potion of berserk rage
 z - 2 potions of mutation
 E - 2 potions of resistance {unknown}
 H - a potion of magic {unknown}
Books
 A - a manual of Staves
Comestibles
 u - 25 rations


   Skills:
 + Level 5.7 Fighting
 * Level 6.3 Maces & Flails
 + Level 4.9 Armour
   Level 0.0 Dodging
 - Level 1.0 Stealth
 * Level 7.2 Shields
 + Level 7.9 Unarmed Combat


You had 9 spell levels left.
You didn't know any spells.
Your spell library contained the following spells:

 Spells                   Type           Power        Failure   Level  Hunger
 Infusion                 Chrm           #...         63%         1    ##.....
 Pain                     Necr           #...         63%         1    ##.....
 Song of Slaying          Chrm           #.......     77%         2    ###....
 Regeneration             Chrm/Necr      #.........   94%         3    ####...
 Vampiric Draining        Necr           #.........   94%         3    ####...
 Olgreb's Toxic Radiance  Pois           #.......     100%        4    #####..
 Deflect Missiles         Chrm/Air       #.........   100%        6    #######
 Ring of Flames           Chrm/Fire      #.........   100%        7    #######
 Animate Skeleton         Necr           Unusable     N/A         1    N/A
 Magic Dart               Conj           Unusable     N/A         1    N/A
 Searing Ray              Conj           Unusable     N/A         2    N/A
 Dazzling Spray           Conj/Hex       Unusable     N/A         3    N/A
 Animate Dead             Necr           Unusable     N/A         4    N/A
 Force Lance              Conj/Tloc      Unusable     N/A         4    N/A
 Fulminant Prism          Conj/Hex       Unusable     N/A         4    N/A
 Iskenderun's Mystic Bla  Conj           Unusable     N/A         4    N/A

Dungeon Overview and Level Annotations

Branches:
Dungeon (11/15)            Temple (1/1) D:4            Lair (0/6) D:11
    Orc: D:9-12

Altars:
Ashenzari
Cheibriados
Dithmenos
Elyvilon
Fedhas
Gozag
Hepliaklqana
Makhleb
Nemelex Xobeh
Okawaru
Qazlal
Ru
Sif Muna
Trog
Uskayaw
Vehumet
Wu Jian
Xom
Yredelemnul
Zin
The Shining One

Portals:
Trove: D:10 (give 18 scrolls of identify)

Annotations:
Gauntlet 3 transporters


Innate Abilities, Weirdness & Mutations

You are too large for most types of armour.
You have claws for hands.
Your metabolism is lightning-fast.
You like to eat raw meat.
Your natural rate of healing is unusually fast.
You are covered in fur. (AC +1)
You have very tough skin. (AC +2)
You are hated by all.
You cannot train Dodging skill.
You cannot study or cast Conjurations magic.
You cannot study or cast Ice magic.
You cannot study or cast Transmutations magic.
You are somewhat inexperienced. (-2 XL)


Message History

The fire bat closely misses you.
You redirect the fire crab's attack!
The fire crab bites itself.
The fire crab claws itself.
You feel much better. You block the fire bat's attack.
The fire crab begins to attack, but is stunned by your will!
You feel very mighty all of a sudden. You block the fire bat's attack.
The fire crab bites you!
* * * LOW HITPOINT WARNING * * *
You are engulfed in flames!
* * * LOW HITPOINT WARNING * * *
The fire crab claws you.
* * * LOW HITPOINT WARNING * * *
You are engulfed in flames!
* * * LOW HITPOINT WARNING * * *
You scratch the fire crab.
The fire bat bites you but does no damage.
The fire crab breathes flames at you. The blast of flame engulfs you!
You scratch the fire crab.
You are engulfed in blazing flames.
You die...

.©#.........#©.
#### ##### ####
.......©.......
##### ### #####
#.#..!.©=...#.#
.#.#§#§#§#.#. #
..#§#t#.. #
#.#.#.#@#.#.#.#
#.#..#§§§#..#.#
#.#.#.#.#§#.#.#
#.#..#.#.#..#.#
#.#.#.#.#.#.#.#
#.#.........#.#
#.###########.#
.......©.......
.......∩.......


You could see a fire crab.

Vanquished Creatures
  A two-headed ogre (D:10)
  A troll (D:10)
  Grinder (D:3)
  4 yaks
  A wyvern (D:10)
  A fire bat (Gauntlet)
  2 hungry ghosts
  A steam dragon (D:10)
  Menkaure (D:4)
  An acid dragon (D:10)
  Duvessa (D:4)
  Edmund (D:6)
  3 sky beasts
  3 orc warriors
  2 ogres
  A centaur (D:8)
  A crocodile (D:9)
  Blork the orc (D:6)
  7 bullfrogs
  Dowan (D:4)
  2 scorpions
  10 killer bees
  A howler monkey (D:9)
  4 crimson imps
  2 centaur skeletons (D:7)
  A gnoll shaman (D:5)
  3 orc priests
  5 hounds
  4 jellies
  A bullfrog skeleton (D:8)
  5 iguanas
  10 orc wizards
  5 worker ants
  A killer bee zombie (D:7)
  A hound zombie (D:3)
  7 gnolls
  8 adders
  2 shadow imps
  7 oozes
  An adder zombie (D:7)
  An adder skeleton (D:4)
  3 dart slugs
  4 leopard geckos
  32 orcs
  A ball python (D:4)
  4 giant cockroaches
  14 goblins
  4 hobgoblins
  27 jackals
  8 kobolds
  7 quokkas
  11 bats
  7 frilled lizards
  A jackal zombie (D:7)
  2 leopard gecko skeletons (D:4)
  A quokka skeleton (D:4)
  A quokka zombie (D:7)
  4 rats
247 creatures vanquished.

Vanquished Creatures (others)
  A goblin (D:2)
1 creature vanquished.

Grand Total: 248 creatures vanquished

Notes
Turn   | Place    | Note
-------+----------+-------------------------------------------
     0 | D:1      | RoseArtemis the Troll Monk began the quest for the Orb.
     0 | D:1      | Reached XP level 1. HP: 22/22 MP: 0/0
   178 | D:1      | Reached XP level 2. HP: 29/29 MP: 1/1
   538 | D:1      | Reached XP level 3. HP: 32/36 MP: 2/2
  1330 | D:2      | Reached skill level 1 in Shields
  1460 | D:2      | Reached XP level 4. HP: 44/44 MP: 3/3
  1604 | D:2      | Found a hide-covered altar of Uskayaw.
  1604 | D:2      | Found a sacrificial altar of Ru.
  1610 | D:2      | Found an opulent altar of Gozag.
  1612 | D:2      | Found a basalt altar of Yredelemnul.
  1614 | D:2      | Found a shimmering altar of Xom.
  1645 | D:2      | Became a worshipper of Ru the Awakened
  1648 | D:2      | Gained mutation: You cannot train Dodging skill. [Ru
                  | sacrifice]
  1648 | D:2      | Reached * piety under Ru
  2152 | D:3      | Found a sparkling altar of Nemelex Xobeh.
  2369 | D:3      | Reached XP level 5. HP: 52/52 MP: 4/4
  2485 | D:3      | Noticed Grinder
  2519 | D:3      | Paralysed by Grinder for 3 turns
  2526 | D:3      | Killed Grinder
  2526 | D:3      | Reached skill level 1 in Armour
  2526 | D:3      | Reached XP level 6. HP: 45/61 MP: 5/5
  2715 | D:4      | Found a shattered altar of Ashenzari.
  2735 | D:4      | Reached skill level 5 in Unarmed Combat
  2751 | D:4      | Noticed Duvessa
  2759 | D:4      | Noticed Dowan
  2762 | D:4      | Killed Duvessa
  2762 | D:4      | Reached XP level 7. HP: 47/67 MP: 6/6
  2772 | D:4      | Killed Dowan
  2960 | D:4      | Identified the Disquisition on Envenoming and Protection
  3048 | D:4      | Noticed Menkaure
  3054 | D:4      | Killed Menkaure
  3377 | D:4      | Found a staircase to the Ecumenical Temple.
  3383 | D:4      | Found an iron altar of Okawaru.
  3386 | Temple   | Entered the Ecumenical Temple
  3690 | D:5      | Entered Level 5 of the Dungeon
  3941 | D:5      | Reached XP level 8. HP: 78/78 MP: 7/7
  4001 | D:5      | Reached skill level 1 in Maces & Flails
  4008 | D:5      | Gained mutation: You are somewhat inexperienced. (-2 XL)
                  | [Ru sacrifice]
  4008 | D:5      | Reached XP level 7. HP: 70/70 MP: 6/6
  4008 | D:5      | Reached XP level 6. HP: 62/62 MP: 5/5
  4008 | D:5      | Reached ** piety under Ru
  4008 | D:5      | Reached *** piety under Ru
  4146 | D:5      | Found a radiant altar of Vehumet.
  4147 | D:5      | Found a burning altar of Makhleb.
  4550 | D:6      | Noticed a sky beast
  4558 | D:6      | Killed a sky beast
  4558 | D:6      | Reached XP level 7. HP: 42/70 MP: 6/6
  4613 | D:6      | Noticed Edmund
  4623 | D:6      | Killed Edmund
  4869 | D:6      | Noticed Blork the orc
  4880 | D:6      | Killed Blork the orc
  5218 | D:7      | Reached skill level 5 in Shields
  5355 | D:7      | Reached XP level 8. HP: 79/79 MP: 7/7
  5605 | D:7      | Gained mutation: You are hated by all. [Ru sacrifice]
  5605 | D:7      | Reached **** piety under Ru
  5605 | D:7      | Reached ***** piety under Ru
  5825 | D:8      | Found a blossoming altar of Fedhas.
  6458 | D:8      | Reached XP level 9. HP: 83/87 MP: 8/8
  6920 | D:9      | Reached skill level 5 in Fighting
  7269 | D:9      | Reached skill level 5 in Maces & Flails
  7785 | D:9      | Gained mutation: You cannot study or cast Ice magic. [Ru
                  | sacrifice]
  7785 | D:9      | Gained mutation: You cannot study or cast Transmutations
                  | magic. [Ru sacrifice]
  7785 | D:9      | Gained mutation: You cannot study or cast Conjurations
                  | magic. [Ru sacrifice]
  8014 | D:10     | Entered Level 10 of the Dungeon
  8301 | D:10     | Reached XP level 10. HP: 79/96 MP: 9/9
  8426 | D:10     | Found a portal to a secret trove of treasure.
  8740 | D:10     | Noticed a two-headed ogre
  8751 | D:10     | Killed a two-headed ogre
  9009 | D:11     | Found a gate leading to a gauntlet.
  9018 | Gauntlet | Entered a Gauntlet
  9018 | Gauntlet | Found a transporter.
  9020 | Gauntlet | Noticed a fire crab
  9020 | Gauntlet | Found a transporter.
  9023 | Gauntlet | Found a transporter.
  9023 | Gauntlet | Found a transporter.
  9032 | Gauntlet | Engulfed by a fire crab's flame

Vault maps used:
D:1:      minmay_arrival_arboretum_small, serial_co_window_serial,
          co_window_paths_a, co_window_paths_a, co_window_of_opportunity_a,
          co_window_corner_a, co_window_of_opportunity_a, co_window_broadway_b,
          co_window_corner_b, co_window_unsneaky_path_a, co_window_corner_cb,
          co_window_2corner, co_window_sun, co_window_paths_e
D:2:      chequers_temple_overflow_minitemple
D:3:      minivault_26, nemelex_xobeh_ov_fountains_minmay, uniq_grinder
D:4:      ashenzari_altar_1, nicolae_overflow_hidden_temple,
          overflow_temple_1_default, minmay_temple_entry_stoned_glass,
          first_ration, uniq_menkaure, uniq_duvessa
D:5:      grunt_temple_overflow_lords_of_destruction, minmay_manual_mail
D:6:      uniq_blork_the_orc, uniq_edmund
D:7:      minmay_a_box_with_orc_wizards_in_it
D:8:      basic_altar, hangedman_little_slice_of_home
D:9:      serial_glass, glass_columns_a, glass_columns_a, glass_columns_a,
          glass_columns_b, glass_columns_c, glass_columns_b, glass_columns_a,
          glass_columns_c
D:10:     enter_trove_6
D:11:     grunt_lair_entry_orc_guard_hut, gauntlet_entry_generic, st_stairs_3,
          guppyfry_shop_venom, uniq_snorg
Temple:   minmay_temple_bridge_abc
Gauntlet: gammafunk_gauntlet_one_two_three

Skill      XL: |  1  2  3  4  5  6  7  8  9 10 |
---------------+-------------------------------+-----
Shields        | 1 2 3 5 6 7 |  7.2
Dodging        | 0 |  0.0
Unarmed Combat | 4 5 6 7 |  7.9
Fighting       | 3 4 5 |  5.7
Armour         | 1 3 4 |  4.9
Maces & Flails | 2 3 4 5 6 |  6.3
Stealth        | |  1.0

Action                   |  1- 3 |  4- 6 |  7- 9 | 10-12 || total
-------------------------+-------+-------+-------+-------++-------
Melee: Unarmed           |   112 |   182 |   485 |    57 ||   836
Invok: Sacrifice Nimblen |       |     1 |       |       ||     1
       Sacrifice Experie |       |     1 |       |       ||     1
       Sacrifice Love    |       |       |     1 |       ||     1
       Apocalypse        |       |       |     1 |       ||     1
       Sacrifice Arcana  |       |       |     1 |       ||     1
  Use: Scroll            |     1 |    11 |    11 |     1 ||    24
       Potion            |       |       |     1 |     4 ||     5
 Stab: Sleeping          |     1 |     4 |     3 |     1 ||     9
       Distracted        |       |     1 |     3 |       ||     4
       Invisible         |       |       |     3 |     2 ||     5
       Paralysed         |       |       |       |     1 ||     1
  Eat: Chunk             |    19 |    17 |    49 |     4 ||    89
Armor: Robe              |    32 |    74 |    88 |     1 ||   195
       Troll leather arm |       |       |       |     5 ||     5
       Acid dragon scale |       |       |       |     4 ||     4
Dodge: Dodged            |    36 |    55 |    93 |    19 ||   203
Block: Shield            |    22 |    94 |   255 |    33 ||   404

Table legend:
 A = Non-vault XP
 B = Vault XP
 C = Vault XP percentage of total XP
 D = Non-vault monster count
 E = Vault monster count
 F = Vault count percentage of total count
                 A         B        C        D         E       F
            +---------+---------+-------+---------+---------+-------
      Total |    7272 |    1505 |  17.1 |     226 |      22 |   8.9
            +---------+---------+-------+---------+---------+-------
        D:1 |      51 |       0 |   0.0 |      25 |       0 |   0.0
        D:2 |      98 |       0 |   0.0 |      34 |       0 |   0.0
        D:3 |      65 |     262 |  80.1 |      22 |       1 |   4.3
        D:4 |     247 |     390 |  61.2 |      24 |       3 |  11.1
        D:5 |     463 |      99 |  17.6 |      19 |       3 |  13.6
        D:6 |     332 |     243 |  42.3 |       8 |       2 |  20.0
        D:7 |     574 |     159 |  21.7 |      19 |       4 |  17.4
        D:8 |    1440 |     162 |  10.1 |      21 |       8 |  27.6
        D:9 |    1159 |       0 |   0.0 |      23 |       0 |   0.0
       D:10 |    2798 |       0 |   0.0 |      30 |       0 |   0.0
       D:11 |      45 |       0 |   0.0 |       1 |       0 |   0.0
   Gauntlet |       0 |     190 | 100.0 |       0 |       1 | 100.0
            +---------+---------+-------+---------+---------+-------
